 Dungeon Crawl Stone Soup version 0.32-a0-931-g5a2cda0630 (webtiles) character file.

Game seed: 6985120795160504854

14 Nietzsche the Ruffian (level 2, -2/21 HPs)
             Began as a Demonspawn Shapeshifter on Apr 14, 2024.
             Slain by Terence
             ... wielding a +0 hand axe
              (8 damage)
             ... on level 2 of the Dungeon.
             The game lasted 00:01:05 (581 turns).

Nietzsche the Ruffian (Demonspawn Shapeshifter)      Turns: 581, Time: 00:01:05

Health: -2/21      AC:  2    Str: 14    XL:     2   Next: 31%
Magic:  3/3        EV: 11    Int: 10    God:
Gold:   39         SH:  0    Dex: 12    Spells: 2/2 levels left

rFire   . . .        g - +0 trident
rCold   . . .        (no shield)
rNeg    . . .        a - +0 animal skin
rPois   .            (helmet currently unavailable)
rElec   .            (cloak currently unavailable)
rCorr   .            (gloves currently unavailable)
SInv    .            (boots currently unavailable)
Will    .....        (no amulet)
Stlth   +            (no ring)
HPRegen 0.23/turn    (no ring)
MPRegen 0.08/turn

%: no passive effects
@: beast-form
A: beast (slay +1), demonic guardian 1
a: Begin Untransformation


You were on level 2 of the Dungeon.
You were a hulking beast.
You visited 1 branch of the dungeon, and saw 2 of its levels.

You collected 39 gold pieces.

Inventory:

Hand Weapons
 g - a +0 trident (weapon)
Armour
 a - a +0 animal skin (worn)
Talismans
 c - a beast talisman (active)
 d - a flux talisman
Scrolls
 e - 2 scrolls of identify {unknown}
 h - a scroll of amnesia {unknown}
 i - a scroll of vulnerability {unknown}
Potions
 b - a potion of lignification
 f - a potion of curing {unknown}


   Skills:
 + Level 1.0 Fighting
 + Level 1.7 Dodging
 + Level 0.2 Stealth
 + Level 3.0 Unarmed Combat
 * Level 0.8 Spellcasting
 + Level 2.8 Shapeshifting


You had 2 spell levels left.
You didn't know any spells.
Your spell library contained the following spells:

 Spells                   Type           Power      Damage    Failure   Level
 Blink                    Tloc           0%         N/A       47%         2
 Lesser Beckoning         Tloc           0%         N/A       47%         2
 Momentum Strike          Conj/Tloc      0%         3d8       47%         2


Dungeon Overview and Level Annotations

Branches:
Dungeon (2/15)

Altars:

Annotations:
D:2 Terence


Innate Abilities, Weirdness & Mutations

You are a hulking beast.
Your limbs bulge with bestial killing power. (Slay +1)
A weak demonic guardian rushes to your aid.


Message History

The bat is severely wounded.
The bat hits you but does no damage.
You reach to attack!
You barely miss the bat.
The bat is heavily wounded.
The bat barely misses you. The bat hits you. The bat closely misses you.
You barely miss the bat.
The bat is heavily wounded.
The bat misses you. The bat hits you but does no damage.
You hit the bat.
You kill the bat!
No target in view!
No target in view!
Terence the Incautious comes into view.
He is wielding a +0 hand axe and wearing a +2 scale mail of fire resistance.
You reach to attack!
The helpless Terence fails to defend himself.
You hit Terence.
Terence is lightly wounded.
You hit Terence.
Terence is lightly wounded.
Terence hits you with a +0 hand axe.
You hit Terence but do no damage.
Terence is lightly wounded.
Terence barely misses you. Terence hits you with a +0 hand axe.
A demonic guardian appears!
You barely miss Terence.
Terence is lightly wounded.
Terence hits you with a +0 hand axe.
You barely miss Terence.
Terence is lightly wounded.
Terence completely misses you.
You barely miss Terence.
Terence is lightly wounded.
Terence hits you with a +0 hand axe! Terence hits you with a +0 hand axe.
* * * LOW HITPOINT WARNING * * *
You puncture Terence!
Terence is severely wounded.
Terence hits you with a +0 hand axe!
You die...
Terence says, "Time to find some more victims."

#############
.......5h@..#
######.###.#
#....# #.#..#
#.#..# #.#
#.#..###.###
#.#........#
#.#......#.#
#.#.####.#.#


You could see Terence (ally target) and a friendly white imp (summoned).

Vanquished Creatures
  A dart slug (D:1)
  A hobgoblin (D:1)
  2 jackals (D:1)
  A kobold (D:1)
  2 quokkas (D:1)
  A ball python (D:1)
  2 bats
  A rat (D:1)
11 creatures vanquished.

Notes
Turn   | Place    | Note
-------+----------+-------------------------------------------
     0 | D:1      | Nietzsche the Demonspawn Shapeshifter began the quest for
                  | the Orb.
     0 | D:1      | Reached XP level 1. HP: 15/15 MP: 1/1
   308 | D:1      | Reached skill level 3 in Unarmed Combat
   308 | D:1      | Gained mutation: A weak demonic guardian rushes to your
                  | aid. [demonic ancestry]
   308 | D:1      | Reached XP level 2. HP: 21/21 MP: 2/2
   573 | D:2      | Noticed Terence
   581 | D:2      | Slain by Terence

Illustrated notes

Levels and vault maps discovered:
D:1:      co_arrival_random_square_maze, layout_basic
D:2:      layout_basic, grunt_ministairs_7, serial_bayou_pond_b,
          mrwooster_statue_mirror, st_stairs_7, uniq_terence

Skill      XL: |  1 |
---------------+----+-----
Unarmed Combat | 3 |  3.0
Fighting       | |  1.0
Dodging        | |  1.7
Stealth        | |  0.2
Spellcasting   | |  0.8
Shapeshifting  | |  2.8

Action                     || total
---------------------------++-------
  Melee: Trident           ||    39
         Unarmed           ||     5
   Stab: Sleeping          ||     2
 Armour: Animal skin       ||    25
  Dodge: Dodged            ||    24

Table legend: (Time is in decaauts)
 A = Elapsed time spent in this place.
 B = Non-inter-level travel time spent in this place.
 C = Inter-level travel time spent in this place.
 D = Time resting spent in this place.
 E = Time spent auto-exploring this place.
 F = Levels seen in this place.
 G = Mean time per level.
                   A        B        C        D        E       F      G
               +--------+--------+--------+--------+--------+-----+--------+
         Total |    591 |    591 |      0 |      0 |    466 |   2 |  295.5 |
       Dungeon |    591 |    591 |      0 |      0 |    466 |   2 |  295.5 |
               +--------+--------+--------+--------+--------+-----+--------+

Top non-repeatable levels by time:
     D:1: 544 daAuts
     D:2: 46 daAuts
